ARIZONA vs VANCOUVER

Created - March-28-21 at 19:57

Goals
1 2 3 T
ARIZONA 1 2 1 4
VANCOUVER 2 1 2 5
Shots
1 2 3 T
ARIZONA 5 7 11 23
VANCOUVER 10 8 10 28

1st period

1. ARIZONA , Evgeni Malkin 25 (Thomas Chabot 23, Bryan Little 11) at 1:49
2. VANCOUVER , Mark Stone 12 (Alex Steen 6) at 6:19
3. VANCOUVER , Zach Parise 12 (Nick Schmaltz 14) at 13:33

Penalties :
Zack Kassian (ARI) for Tripping (Minor) at 13:34

2nd period

4. ARIZONA , Mikael Backlund 9 (Adrian Kempe 12, Thomas Chabot 24) at 5:33
5. VANCOUVER , Jonathan Huberdeau 16 (Mark Stone 16, Ryan Ellis 29) at 11:31 (PP)
6. ARIZONA , Jay Bouwmeester 7 (Riley Sheahan 3) at 18:36

Penalties :
Zack Kassian (ARI) for Hooking (Minor) at 11:09, Gabriel Landeskog (ARI) for Roughing (Minor) at 12:34

3rd period

7. ARIZONA , Zack Kassian 6 (Mikael Backlund 16, Henri Jokiharju 13) at 9:18 (PP)
8. VANCOUVER , Jonathan Huberdeau 17 (Mark Stone 17) at 13:40
9. VANCOUVER , Jonathan Huberdeau 18 (Mark Stone 18, Erik Johnson 18) at 18:22

Penalties :
Sheldon Dries (VAN) for Hooking (Minor) at 8:05, Nick Schmaltz (VAN) for Holding (Minor) at 15:05

Goalie Stats

Corey Crawford (ARI), 23 saves from 28 shots - (0.821), L, 16-12-6, 59:27 minutes
Petr Mrazek (VAN), 19 saves from 23 shots - (0.826), W, 17-20-4, 60:00 minutes

Players Stats for ARIZONA

Player Name              G  A  P  +/- PIM S  H  SB GA TA FO     MP     PP MP  PK MP  
------------------------------------------------------------------------------------
Adrian Kempe             0  1  1   0  0   0  1  0  0  0  0/1    17:09   1:03   0:00 
Brad Richardson          0  0  0   1  0   0  0  0  0  0  1/1     4:44   0:00   0:44 
Bryan Little             0  1  1   0  0   4  0  0  0  0  1/1    21:01   1:47   0:24 
Conor Sheary             0  0  0   0  0   1  0  0  0  0  1/3    16:06   0:00   0:00 
Evgeni Malkin            1  0  1   0  0   2  2  0  0  0  6/26   21:15   1:47   0:00 
Gabriel Landeskog        0  0  0   0  2   3  2  0  0  0  1/1    22:06   1:47   0:52 
Henri Jokiharju          0  1  1   0  0   0  0  0  0  0  0/0    19:22   1:25   1:51 
Jacob Larsson            0  0  0  -1  0   0  1  0  0  0  0/0    18:05   0:00   1:39 
Jay Bouwmeester          1  0  1   0  0   2  0  2  0  0  0/0    20:12   1:25   2:41 
Jean-Gabriel Pageau      0  0  0  -2  0   1  0  1  0  0  19/27  17:04   0:22   3:10 
Joel Eriksson Ek         0  0  0  -2  0   2  0  0  0  0  0/1    13:37   0:00   0:43 
Justin Faulk             0  0  0   0  0   0  3  3  0  0  0/0    23:55   1:47   2:20 
Mario Ferraro            0  0  0  -1  0   0  1  0  0  0  0/0    16:34   0:00   0:00 
Mikael Backlund          1  1  2   0  0   2  1  0  0  0  12/18  17:52   1:03   0:43 
Nicolas Aube-Kubel       0  0  0   1  0   0  0  0  0  0  0/1     4:00   0:00   0:00 
Riley Sheahan            0  1  1   1  0   2  0  0  0  0  5/9     6:26   0:22   2:04 
Thomas Chabot            0  2  2   0  0   0  2  2  0  0  0/0    21:52   1:47   0:09 
Zack Kassian             1  0  1  -2  4   4  3  0  0  0  0/1    14:17   1:25   0:00 

Players Stats for VANCOUVER

Player Name              G  A  P  +/- PIM S  H  SB GA TA FO     MP     PP MP  PK MP  
------------------------------------------------------------------------------------
Alex Steen               0  1  1   0  0   1  0  0  0  0  2/2     4:53   0:00   0:51 
Erik Johnson             0  1  1   1  0   2  3  2  0  0  0/0    25:15   3:27   1:50 
Hampus Lindholm          0  0  0   0  0   1  1  1  0  0  0/0    20:03   0:53   1:22 
Jakub Vrana              0  0  0   0  0   1  0  0  0  0  1/1    14:34   0:00   0:00 
Jonathan Huberdeau       3  0  3   1  0   6  2  0  0  0  1/2    19:47   1:34   2:13 
Luca Sbisa               0  0  0   0  0   0  1  1  0  0  0/0    14:42   0:00   0:00 
Mark Stone               1  3  4   1  0   4  0  0  0  0  7/14   23:12   1:34   1:46 
Melker Karlsson          0  0  0   0  0   2  0  0  0  0  1/1    14:34   0:00   0:00 
Nazem Kadri              0  0  0   1  0   2  3  0  0  0  13/24  17:34   1:34   0:00 
Nick Schmaltz            0  1  1   0  2   1  0  0  0  0  9/27   20:37   2:46   0:00 
Nikolaj Ehlers           0  0  0   0  0   3  3  0  0  0  0/1    21:13   2:46   0:35 
Ryan Ellis               0  1  1   1  0   2  1  0  0  0  0/0    25:15   3:27   1:50 
Sami Vatanen             0  0  0   0  0   1  1  0  0  0  0/0    20:03   0:53   1:22 
Sheldon Dries            0  0  0   0  2   1  1  0  0  0  9/15   14:33   0:00   0:00 
TJ Brodie                0  0  0   0  0   0  0  1  0  0  0/0    14:42   0:00   0:00 
Trevor Moore             0  0  0   0  0   0  0  0  0  0  0/1     0:10   0:00   0:00 
Troy Brouwer             0  0  0   0  0   0  2  0  0  0  0/0     4:26   0:00   0:24 
Zach Parise              1  0  1   0  0   1  1  0  0  0  1/2    21:13   2:46   0:35 

3 Stars

1 - Jonathan Huberdeau (VAN)
2 - Mark Stone (VAN)
3 - Mikael Backlund (ARI)

Power Play

ARIZONA - 1 on 2 Attempt(s) - 50.00%
VANCOUVER - 1 on 3 Attempt(s) - 33.33%

Penalty Kill

ARIZONA - 2 on 3 Attempt(s) - 66.67% - Score 0 goal in Penalty Kill
VANCOUVER - 1 on 2 Attempt(s) - 50.00% - Score 0 goal in Penalty Kill

Team Stat

ARIZONA - Hits : 16 - Faceoff Wins : 46 - Blocked Shots : 8 - Penalty Minutes : 6
VANCOUVER - Hits : 19 - Faceoff Wins : 44 - Blocked Shots : 5 - Penalty Minutes : 4

Official

Referees : Chris Floresco and Matt Sullivan
Linesman : Travis Toomey and Brian Murphy

Game Notes

Jonathan Huberdeau has scored a Hat Trick!

Finance

Level 1 -- Attendance: 5386 (89.77%) -- Ticket Income $463,196
Level 2 -- Attendance: 5000 (100.00%) -- Ticket Income $280,000
Level 3 -- Attendance: 2000 (100.00%) -- Ticket Income $64,000
Level 4 -- Attendance: 4000 (100.00%) -- Ticket Income $76,000
Luxury Box -- Attendance: 989 (98.90%) -- Ticket Income $179,998
Game was played at the Rogers Arena.
Total Attendance: 17375 (96.53%)
Total Ticket Income: $1,063,194
Total Income: $1,063,194

ARIZONA

5 vs 5 Forward 
   Center                   Left Wing                Right Wing               Time % Phy DF OF 
 1 Evgeni Malkin            Bryan Little             Gabriel Landeskog        40     1   1  3  
 2 Mikael Backlund          Conor Sheary             Adrian Kempe             30     1   2  2  
 3 Jean-Gabriel Pageau      Joel Eriksson Ek         Zack Kassian             25     1   3  1  
 4 Riley Sheahan            Brad Richardson          Nicolas Aube-Kubel       5      1   4  0  

5 vs 5 Defense 
   Defense                  Defense                                           Time % Phy DF OF 
 1 Justin Faulk             Thomas Chabot                                     35     1   2  2  
 2 Jay Bouwmeester          Henri Jokiharju                                   30     1   2  2  
 3 Jacob Larsson            Mario Ferraro                                     25     1   2  2  
 4 Justin Faulk             Thomas Chabot                                     10     1   2  2  

PowerPlay Forward 
   Center                   Left Wing                Right Wing               Time % Phy DF OF 
 1 Evgeni Malkin            Bryan Little             Gabriel Landeskog        60     1   0  4  
 2 Mikael Backlund          Adrian Kempe             Zack Kassian             40     1   1  3  

PowerPlay Defense
   Defense                  Defense                                           Time % Phy DF OF 
 1 Justin Faulk             Thomas Chabot                                     60     1   1  3  
 2 Jay Bouwmeester          Henri Jokiharju                                   40     1   2  2  

Penalty Kill 4 Players Forward 
   Center                   Wing                     Time % Phy DF OF 
 1 Jean-Gabriel Pageau      Gabriel Landeskog        60     1   3  1  
 2 Mikael Backlund          Joel Eriksson Ek         40     1   3  1  

Penalty Kill 4 Players Defense
   Defense                  Defense                  Time % Phy DF OF 
 1 Justin Faulk             Jay Bouwmeester          60     1   4  0  
 2 Jacob Larsson            Henri Jokiharju          40     1   4  0  

Penalty Kill - 3 Players Forward 
   Forward                                           Time % Phy DF OF 
 1 Jean-Gabriel Pageau                               60     1   4  0  
 2 Riley Sheahan                                     40     1   4  0  

Penalty Kill - 3 Players Defense
   Defense                  Defense                  Time % Phy DF OF 
 1 Jay Bouwmeester          Thomas Chabot            60     1   4  0  
 2 Jacob Larsson            Henri Jokiharju          40     1   4  0  

4 vs 4 Forward 
   Center                   Wing                     Time % Phy DF OF 
 1 Evgeni Malkin            Gabriel Landeskog        60     1   1  3  
 2 Mikael Backlund          Conor Sheary             40     1   2  2  

4 vs 4 Defense
   Defense                  Defense                  Time % Phy DF OF 
 1 Justin Faulk             Henri Jokiharju          60     1   2  2  
 2 Jay Bouwmeester          Thomas Chabot            40     1   2  2  

Last Minutes Offensive
   Center                   Left Wing                Right Wing               Defense                  Defense                  
   Evgeni Malkin            Bryan Little             Gabriel Landeskog        Justin Faulk             Thomas Chabot            

Last Minutes Defensive
   Center                   Left Wing                Right Wing               Defense                  Defense                  
   Jean-Gabriel Pageau      Brad Richardson          Gabriel Landeskog        Justin Faulk             Jay Bouwmeester          

Goaltenders
Starting : Corey Crawford           
Backup : Alexandar Georgiev       

Extra Forwards
Normal : Jean-Gabriel Pageau, Riley Sheahan, Joel Eriksson Ek - PP : Jean-Gabriel Pageau, Riley Sheahan - PK : Riley Sheahan
Extra Defensemen
Normal : Henri Jokiharju, Mario Ferraro, Jay Bouwmeester - PP : Henri Jokiharju - PK : Henri Jokiharju, Jacob Larsson
Penalty Shots
Gabriel Landeskog, Evgeni Malkin, Mikael Backlund, Bryan Little, Jean-Gabriel Pageau

Scratches
Nick Shore (Healthy), ARI Cap Hit (Suspend), Oliver Kylington (Healthy), Evan Barratt (Healthy)

VANCOUVER

5 vs 5 Forward 
   Center                   Left Wing                Right Wing               Time % Phy DF OF 
 1 Nazem Kadri              Jonathan Huberdeau       Mark Stone               35     1   2  2  
 2 Nick Schmaltz            Zach Parise              Nikolaj Ehlers           30     1   2  2  
 3 Sheldon Dries            Jakub Vrana              Melker Karlsson          25     1   2  2  
 4 Mark Stone               Alex Steen               Troy Brouwer             10     1   2  2  

5 vs 5 Defense 
   Defense                  Defense                                           Time % Phy DF OF 
 1 Ryan Ellis               Erik Johnson                                      35     1   2  2  
 2 Hampus Lindholm          Sami Vatanen                                      30     1   2  2  
 3 TJ Brodie                Luca Sbisa                                        25     1   2  2  
 4 Ryan Ellis               Erik Johnson                                      10     1   2  2  

PowerPlay Forward 
   Center                   Left Wing                Right Wing               Time % Phy DF OF 
 1 Nazem Kadri              Jonathan Huberdeau       Mark Stone               60     1   2  2  
 2 Nick Schmaltz            Zach Parise              Nikolaj Ehlers           40     1   2  2  

PowerPlay Defense
   Defense                  Defense                                           Time % Phy DF OF 
 1 Ryan Ellis               Erik Johnson                                      60     1   2  2  
 2 Hampus Lindholm          Sami Vatanen                                      40     1   2  2  

Penalty Kill 4 Players Forward 
   Center                   Wing                     Time % Phy DF OF 
 1 Mark Stone               Jonathan Huberdeau       60     1   2  2  
 2 Zach Parise              Nikolaj Ehlers           40     1   2  2  

Penalty Kill 4 Players Defense
   Defense                  Defense                  Time % Phy DF OF 
 1 Ryan Ellis               Erik Johnson             60     1   2  2  
 2 Hampus Lindholm          Sami Vatanen             40     1   2  2  

Penalty Kill - 3 Players Forward 
   Forward                                           Time % Phy DF OF 
 1 Mark Stone                                        60     1   2  2  
 2 Jonathan Huberdeau                                40     1   2  2  

Penalty Kill - 3 Players Defense
   Defense                  Defense                  Time % Phy DF OF 
 1 Ryan Ellis               Erik Johnson             60     1   2  2  
 2 Hampus Lindholm          Sami Vatanen             40     1   2  2  

4 vs 4 Forward 
   Center                   Wing                     Time % Phy DF OF 
 1 Mark Stone               Jonathan Huberdeau       60     1   2  2  
 2 Zach Parise              Nikolaj Ehlers           40     1   2  2  

4 vs 4 Defense
   Defense                  Defense                  Time % Phy DF OF 
 1 Ryan Ellis               Erik Johnson             60     1   2  2  
 2 Hampus Lindholm          Sami Vatanen             40     1   2  2  

Last Minutes Offensive
   Center                   Left Wing                Right Wing               Defense                  Defense                  
   Nazem Kadri              Jonathan Huberdeau       Mark Stone               Ryan Ellis               Erik Johnson             

Last Minutes Defensive
   Center                   Left Wing                Right Wing               Defense                  Defense                  
   Nazem Kadri              Jonathan Huberdeau       Mark Stone               Ryan Ellis               Erik Johnson             

Goaltenders
Starting : Petr Mrazek              
Backup : Hunter Miska             

Extra Forwards
Normal : Trevor Moore, Jakub Vrana, Alex Steen - PP : Trevor Moore, Jakub Vrana - PK : Alex Steen
Extra Defensemen
Normal : TJ Brodie, Luca Sbisa, Hampus Lindholm - PP : TJ Brodie - PK : Luca Sbisa, Hampus Lindholm
Penalty Shots
Mark Stone, Jonathan Huberdeau, Zach Parise, Nikolaj Ehlers, Jakub Vrana

Scratches
None


% Time on Ice - ARIZONA

Lines # - Real PCT - Wanted PCT - Time Play
Normal Forward
1 - 36% - 40% - 18:50
2 - 31% - 30% - 16:06
3 - 25% - 25% - 12:54
4 - 8% - 5% - 4:00
Normal Defense
1 - 32% - 35% - 16:34
2 - 31% - 30% - 16:06
3 - 32% - 25% - 16:26
4 - 5% - 10% - 2:44
PP Forward
1 - 56% - 60% - 1:47
2 - 44% - 40% - 1:25
PP Defense
1 - 56% - 60% - 1:47
2 - 44% - 40% - 1:25
PK Forward
1 - 83% - 60% - 3:37
2 - 17% - 40% - 0:43
PK Defense
1 - 62% - 60% - 2:41
2 - 38% - 40% - 1:39
PK3 Forward
1 - 0% - 60%
2 - 0% - 40%
PK3 Defense
1 - 0% - 60%
2 - 0% - 40%
44 Forward
1 - 0% - 60%
2 - 0% - 40%
44 Defense
1 - 0% - 60%
2 - 0% - 40%
Last Minute Offensive  - 0:38
Last Minute Defensive  - 0:00
Total
Forward - 60:00
Defense - 60:00

% Time on Ice - VANCOUVER

Lines # - Real PCT - Wanted PCT - Time Play
Normal Forward
1 - 30% - 35% - 15:22
2 - 34% - 30% - 17:52
3 - 28% - 25% - 14:34
4 - 8% - 10% - 4:02
Normal Defense
1 - 31% - 35% - 16:18
2 - 34% - 30% - 17:48
3 - 28% - 25% - 14:42
4 - 6% - 10% - 3:02
PP Forward
1 - 36% - 60% - 1:34
2 - 64% - 40% - 2:46
PP Defense
1 - 80% - 60% - 3:27
2 - 20% - 40% - 0:53
PK Forward
1 - 82% - 60% - 2:37
2 - 18% - 40% - 0:35
PK Defense
1 - 57% - 60% - 1:50
2 - 43% - 40% - 1:22
PK3 Forward
1 - 0% - 60%
2 - 0% - 40%
PK3 Defense
1 - 0% - 60%
2 - 0% - 40%
44 Forward
1 - 0% - 60%
2 - 0% - 40%
44 Defense
1 - 0% - 60%
2 - 0% - 40%
Last Minute Offensive  - 0:00
Last Minute Defensive  - 0:38
Total
Forward - 60:00
Defense - 60:00

Play-by-Play

1st period


0:01 of 1st period - Nazem Kadri wins face-off versus Evgeni Malkin in neutral zone.
0:06 of 1st period - Thomas Chabot is hit by Nazem Kadri and loses puck.
0:25 of 1st period - Shot by Jonathan Huberdeau.
0:25 of 1st period - Stopped by Corey Crawford without a rebound.
0:26 of 1st period - Mikael Backlund wins face-off versus Nick Schmaltz in ARIZONA zone.
0:32 of 1st period - Shot by Nikolaj Ehlers.
0:32 of 1st period - Stopped by Corey Crawford without a rebound.
0:33 of 1st period - Jean-Gabriel Pageau wins face-off versus Sheldon Dries in ARIZONA zone.
0:38 of 1st period - Shot by Joel Eriksson Ek.
0:38 of 1st period - Shot Misses the Net.
0:41 of 1st period - Icing by Luca Sbisa.
0:42 of 1st period - Mikael Backlund wins face-off versus Sheldon Dries in VANCOUVER zone.
0:55 of 1st period - Shot by Conor Sheary.
0:55 of 1st period - Shot Misses the Net.
1:02 of 1st period - Off-side.
1:03 of 1st period - Jean-Gabriel Pageau wins face-off versus Nick Schmaltz in neutral zone.
1:05 of 1st period - Mario Ferraro is hit by Sami Vatanen and loses puck.
1:10 of 1st period - Shot by Zack Kassian.
1:10 of 1st period - Deflect By Jean-Gabriel Pageau.
1:10 of 1st period - Stopped by Petr Mrazek without a rebound.
1:11 of 1st period - Alex Steen wins face-off versus Riley Sheahan in VANCOUVER zone.
1:15 of 1st period - Off-side.
1:16 of 1st period - Nick Schmaltz wins face-off versus Evgeni Malkin in neutral zone.
1:23 of 1st period - Shot by Zach Parise.
1:23 of 1st period - Shot Misses the Net.
1:39 of 1st period - Shot by Justin Faulk.
1:39 of 1st period - Shot Misses the Net.
1:49 of 1st period - Shot by Evgeni Malkin.
1:49 of 1st period - Goal by Evgeni Malkin - ARIZONA : 1 - VANCOUVER : 0.
1:50 of 1st period - Jean-Gabriel Pageau wins face-off versus Nazem Kadri in neutral zone.
2:03 of 1st period - Ryan Ellis is hit by Zack Kassian and loses puck.
2:24 of 1st period - Shot by Joel Eriksson Ek.
2:24 of 1st period - Stopped by Petr Mrazek without a rebound.
2:25 of 1st period - Sheldon Dries wins face-off versus Mikael Backlund in VANCOUVER zone.
2:36 of 1st period - Shot by Jakub Vrana.
2:36 of 1st period - Stopped by Corey Crawford without a rebound.
2:37 of 1st period - Riley Sheahan wins face-off versus Nick Schmaltz in ARIZONA zone.
4:32 of 1st period - Shot by Conor Sheary.
4:32 of 1st period - Shot Blocked by Erik Johnson.
4:43 of 1st period - Icing by Mark Stone.
4:44 of 1st period - Jean-Gabriel Pageau wins face-off versus Nazem Kadri in VANCOUVER zone.
4:54 of 1st period - Shot by Joel Eriksson Ek.
4:54 of 1st period - Shot Misses the Net.
5:22 of 1st period - Shot by Henri Jokiharju.
5:22 of 1st period - Shot Blocked by TJ Brodie.
5:32 of 1st period - Shot by Jakub Vrana.
5:32 of 1st period - Shot Misses the Net.
6:11 of 1st period - Icing by Sami Vatanen.
6:12 of 1st period - Mark Stone wins face-off versus Evgeni Malkin in VANCOUVER zone.
6:19 of 1st period - Shot by Mark Stone.
6:19 of 1st period - Goal by Mark Stone - ARIZONA : 1 - VANCOUVER : 1.
6:20 of 1st period - Evgeni Malkin wins face-off versus Nick Schmaltz in neutral zone.
6:41 of 1st period - Shot by Evgeni Malkin.
6:41 of 1st period - Shot Hit the Post.
7:42 of 1st period - Shot by Adrian Kempe.
7:42 of 1st period - Shot Misses the Net.
8:33 of 1st period - Shot by Mark Stone.
8:33 of 1st period - Stopped by Corey Crawford with a rebound.
8:35 of 1st period - Shot by Jonathan Huberdeau.
8:35 of 1st period - Stopped by Corey Crawford without a rebound.
8:36 of 1st period - Nick Schmaltz wins face-off versus Nicolas Aube-Kubel in ARIZONA zone.
9:22 of 1st period - Evgeni Malkin is hit by Nikolaj Ehlers and loses puck.
9:41 of 1st period - Shot by Bryan Little.
9:41 of 1st period - Stopped by Petr Mrazek without a rebound.
9:42 of 1st period - Mikael Backlund wins face-off versus Nazem Kadri in VANCOUVER zone.
9:56 of 1st period - Icing by Sami Vatanen.
9:57 of 1st period - Jean-Gabriel Pageau wins face-off versus Jonathan Huberdeau in VANCOUVER zone.
10:02 of 1st period - Shot by Zack Kassian.
10:02 of 1st period - Stopped by Petr Mrazek without a rebound.
10:03 of 1st period - Mark Stone wins face-off versus Evgeni Malkin in VANCOUVER zone.
10:03 of 1st period - Mark Stone is hit by Evgeni Malkin.
10:30 of 1st period - Icing by Mark Stone.
10:31 of 1st period - Alex Steen wins face-off versus Conor Sheary in VANCOUVER zone.
10:31 of 1st period - Alex Steen is hit by Adrian Kempe.
10:39 of 1st period - Shot by Troy Brouwer.
10:39 of 1st period - Deflect By Mark Stone.
10:39 of 1st period - Shot Blocked by Thomas Chabot.
10:41 of 1st period - Shot by Mark Stone.
10:41 of 1st period - Shot Blocked by Justin Faulk.
10:43 of 1st period - Shot by Mark Stone.
10:43 of 1st period - Stopped by Corey Crawford without a rebound.
10:44 of 1st period - Jean-Gabriel Pageau wins face-off versus Sheldon Dries in ARIZONA zone.
11:23 of 1st period - Shot by Jakub Vrana.
11:23 of 1st period - Shot Misses the Net.
12:36 of 1st period - Shot by Nazem Kadri.
12:36 of 1st period - Stopped by Corey Crawford with a rebound.
13:26 of 1st period - Shot by Melker Karlsson.
13:26 of 1st period - Stopped by Corey Crawford with a rebound.
13:29 of 1st period - Icing by Mikael Backlund.
13:30 of 1st period - Nick Schmaltz wins face-off versus Adrian Kempe in ARIZONA zone.
13:33 of 1st period - Shot by Zach Parise.
13:33 of 1st period - Goal by Zach Parise - ARIZONA : 1 - VANCOUVER : 2.
13:34 of 1st period - Zach Parise wins face-off versus Joel Eriksson Ek in neutral zone.
13:34 of 1st period - Minor Penalty to Zack Kassian for Tripping.
13:35 of 1st period - Jean-Gabriel Pageau wins face-off versus Nick Schmaltz in ARIZONA zone.
14:04 of 1st period - Shot by Ryan Ellis.
14:04 of 1st period - Shot Hit the Post.
14:56 of 1st period - Icing by Zach Parise.
14:57 of 1st period - Jean-Gabriel Pageau wins face-off versus Nick Schmaltz in VANCOUVER zone.
15:48 of 1st period - Shot by Mario Ferraro.
15:48 of 1st period - Shot Blocked by Luca Sbisa.
15:51 of 1st period - Icing by Melker Karlsson.
15:52 of 1st period - Conor Sheary wins face-off versus Sheldon Dries in VANCOUVER zone.
17:16 of 1st period - Shot by Mark Stone.
17:16 of 1st period - Shot Blocked by Jay Bouwmeester.
17:22 of 1st period - Jay Bouwmeester is hit by Nazem Kadri and loses puck.
17:33 of 1st period - Shot by Hampus Lindholm.
17:33 of 1st period - Shot Misses the Net.
18:02 of 1st period - Icing by Mario Ferraro.
18:03 of 1st period - Jean-Gabriel Pageau wins face-off versus Trevor Moore in ARIZONA zone.
18:09 of 1st period - Off-side.
18:10 of 1st period - Mark Stone wins face-off versus Mikael Backlund in neutral zone.
18:44 of 1st period - Alex Steen is hit by Justin Faulk and loses puck.
18:59 of 1st period - Off-side.
19:00 of 1st period - Nick Schmaltz wins face-off versus Jean-Gabriel Pageau in neutral zone.
Goals for this period are 1 for ARIZONA vs 2 for VANCOUVER.
Shots for this period are 5 for ARIZONA vs 10 for VANCOUVER.

2nd period


0:01 of 2nd period - Nazem Kadri wins face-off versus Mikael Backlund in neutral zone.
0:20 of 2nd period - Shot by Ryan Ellis.
0:20 of 2nd period - Deflect By Mark Stone.
0:20 of 2nd period - Shot Misses the Net.
1:10 of 2nd period - Shot by Nick Schmaltz.
1:10 of 2nd period - Shot Misses the Net.
1:12 of 2nd period - Shot by Hampus Lindholm.
1:12 of 2nd period - Stopped by Corey Crawford without a rebound.
1:13 of 2nd period - Melker Karlsson wins face-off versus Jean-Gabriel Pageau in ARIZONA zone.
1:13 of 2nd period - Jakub Vrana is hit by Jacob Larsson and loses puck.
1:33 of 2nd period - Joel Eriksson Ek is hit by Luca Sbisa and loses puck.
1:44 of 2nd period - Icing by Joel Eriksson Ek.
1:45 of 2nd period - Jean-Gabriel Pageau wins face-off versus Nick Schmaltz in ARIZONA zone.
1:49 of 2nd period - Jacob Larsson is hit by Erik Johnson and loses puck.
1:56 of 2nd period - Shot by Joel Eriksson Ek.
1:56 of 2nd period - Shot Misses the Net.
1:59 of 2nd period - Icing by Nick Schmaltz.
2:00 of 2nd period - Nick Schmaltz wins face-off versus Evgeni Malkin in VANCOUVER zone.
2:00 of 2nd period - Nick Schmaltz is hit by Gabriel Landeskog.
2:07 of 2nd period - Erik Johnson is hit by Thomas Chabot and loses puck.
3:36 of 2nd period - Icing by Sami Vatanen.
3:37 of 2nd period - Jean-Gabriel Pageau wins face-off versus Nazem Kadri in VANCOUVER zone.
4:00 of 2nd period - Icing by TJ Brodie.
4:01 of 2nd period - Sheldon Dries wins face-off versus Riley Sheahan in VANCOUVER zone.
4:08 of 2nd period - Shot by Jakub Vrana.
4:08 of 2nd period - Shot Blocked by Thomas Chabot.
4:18 of 2nd period - Shot by Justin Faulk.
4:18 of 2nd period - Shot Misses the Net.
4:20 of 2nd period - Shot by Riley Sheahan.
4:20 of 2nd period - Stopped by Petr Mrazek without a rebound.
4:21 of 2nd period - Gabriel Landeskog wins face-off versus Nick Schmaltz in VANCOUVER zone.
5:00 of 2nd period - Shot by Bryan Little.
5:00 of 2nd period - Stopped by Petr Mrazek without a rebound.
5:01 of 2nd period - Mark Stone wins face-off versus Conor Sheary in VANCOUVER zone.
5:31 of 2nd period - Shot by Mikael Backlund.
5:31 of 2nd period - Stopped by Petr Mrazek with a rebound.
5:33 of 2nd period - Shot by Mikael Backlund.
5:33 of 2nd period - Goal by Mikael Backlund - ARIZONA : 2 - VANCOUVER : 2.
5:34 of 2nd period - Sheldon Dries wins face-off versus Jean-Gabriel Pageau in neutral zone.
5:37 of 2nd period - Jacob Larsson is hit by Sheldon Dries and loses puck.
5:54 of 2nd period - Jakub Vrana is hit by Zack Kassian and loses puck.
6:23 of 2nd period - Zack Kassian is hit by Zach Parise and loses puck.
6:56 of 2nd period - Shot by Nick Schmaltz.
6:56 of 2nd period - Shot Misses the Net.
6:58 of 2nd period - Shot by Nikolaj Ehlers.
6:58 of 2nd period - Stopped by Corey Crawford without a rebound.
6:59 of 2nd period - Nazem Kadri wins face-off versus Mikael Backlund in ARIZONA zone.
7:55 of 2nd period - Icing by Luca Sbisa.
7:56 of 2nd period - Sheldon Dries wins face-off versus Evgeni Malkin in VANCOUVER zone.
8:15 of 2nd period - Shot by Melker Karlsson.
8:15 of 2nd period - Stopped by Corey Crawford with a rebound.
9:12 of 2nd period - Shot by Joel Eriksson Ek.
9:12 of 2nd period - Shot Misses the Net.
9:14 of 2nd period - Shot by Zack Kassian.
9:14 of 2nd period - Stopped by Petr Mrazek without a rebound.
9:15 of 2nd period - Riley Sheahan wins face-off versus Nazem Kadri in VANCOUVER zone.
9:35 of 2nd period - Shot by Jonathan Huberdeau.
9:35 of 2nd period - Stopped by Corey Crawford without a rebound.
9:36 of 2nd period - Mikael Backlund wins face-off versus Nick Schmaltz in ARIZONA zone.
10:31 of 2nd period - Off-side.
10:32 of 2nd period - Evgeni Malkin wins face-off versus Mark Stone in neutral zone.
10:43 of 2nd period - Shot by Bryan Little.
10:43 of 2nd period - Stopped by Petr Mrazek without a rebound.
10:44 of 2nd period - Sheldon Dries wins face-off versus Zack Kassian in VANCOUVER zone.
10:53 of 2nd period - Sami Vatanen is hit by Mario Ferraro and loses puck.
11:09 of 2nd period - Minor Penalty to Zack Kassian for Hooking.
11:10 of 2nd period - Nazem Kadri wins face-off versus Jean-Gabriel Pageau in ARIZONA zone.
11:11 of 2nd period - Shot by Ryan Ellis.
11:11 of 2nd period - Shot Misses the Net.
11:31 of 2nd period - Shot by Jonathan Huberdeau.
11:31 of 2nd period - Goal by Jonathan Huberdeau - ARIZONA : 2 - VANCOUVER : 3.
11:32 of 2nd period - Mikael Backlund wins face-off versus Nick Schmaltz in neutral zone.
12:34 of 2nd period - Minor Penalty to Gabriel Landeskog for Roughing.
12:35 of 2nd period - Nazem Kadri wins face-off versus Jean-Gabriel Pageau in ARIZONA zone.
12:56 of 2nd period - Shot by Ryan Ellis.
12:56 of 2nd period - Stopped by Corey Crawford with a rebound.
12:58 of 2nd period - Shot by Mark Stone.
12:58 of 2nd period - Shot Misses the Net.
13:00 of 2nd period - Shot by Erik Johnson.
13:00 of 2nd period - Shot Misses the Net.
13:27 of 2nd period - Icing by Jonathan Huberdeau.
13:28 of 2nd period - Brad Richardson wins face-off versus Nazem Kadri in VANCOUVER zone.
13:52 of 2nd period - Icing by Sami Vatanen.
13:53 of 2nd period - Jean-Gabriel Pageau wins face-off versus Nick Schmaltz in VANCOUVER zone.
13:54 of 2nd period - Shot by Riley Sheahan.
13:54 of 2nd period - Shot Misses the Net.
13:56 of 2nd period - Shot by Jacob Larsson.
13:56 of 2nd period - Shot Misses the Net.
14:06 of 2nd period - Shot by Sami Vatanen.
14:06 of 2nd period - Stopped by Corey Crawford without a rebound.
14:07 of 2nd period - Jean-Gabriel Pageau wins face-off versus Zach Parise in ARIZONA zone.
14:13 of 2nd period - Icing by Zach Parise.
14:14 of 2nd period - Jean-Gabriel Pageau wins face-off versus Nick Schmaltz in VANCOUVER zone.
14:51 of 2nd period - Shot by Jakub Vrana.
14:51 of 2nd period - Shot Misses the Net.
14:57 of 2nd period - Shot by Jakub Vrana.
14:57 of 2nd period - Shot Misses the Net.
15:29 of 2nd period - Icing by Jacob Larsson.
15:30 of 2nd period - Nazem Kadri wins face-off versus Mikael Backlund in ARIZONA zone.
16:22 of 2nd period - Icing by Ryan Ellis.
16:23 of 2nd period - Nazem Kadri wins face-off versus Evgeni Malkin in VANCOUVER zone.
16:56 of 2nd period - Icing by Justin Faulk.
16:57 of 2nd period - Sheldon Dries wins face-off versus Evgeni Malkin in ARIZONA zone.
18:14 of 2nd period - Sami Vatanen is hit by Zack Kassian and loses puck.
18:29 of 2nd period - Shot by Nick Schmaltz.
18:29 of 2nd period - Stopped by Corey Crawford without a rebound.
18:30 of 2nd period - Riley Sheahan wins face-off versus Nazem Kadri in ARIZONA zone.
18:30 of 2nd period - Riley Sheahan is hit by Nazem Kadri.
18:36 of 2nd period - Shot by Jay Bouwmeester.
18:36 of 2nd period - Goal by Jay Bouwmeester - ARIZONA : 3 - VANCOUVER : 3.
18:37 of 2nd period - Nazem Kadri wins face-off versus Riley Sheahan in neutral zone.
18:47 of 2nd period - Off-side.
18:48 of 2nd period - Mikael Backlund wins face-off versus Mark Stone in neutral zone.
19:02 of 2nd period - Off-side.
19:03 of 2nd period - Nick Schmaltz wins face-off versus Evgeni Malkin in neutral zone.
19:22 of 2nd period - Icing by Bryan Little.
19:23 of 2nd period - Nazem Kadri wins face-off versus Evgeni Malkin in ARIZONA zone.
Goals for this period are 2 for ARIZONA vs 1 for VANCOUVER.
Shots for this period are 7 for ARIZONA vs 8 for VANCOUVER.

3rd period


0:01 of 3rd period - Evgeni Malkin wins face-off versus Nazem Kadri in neutral zone.
0:17 of 3rd period - Icing by Erik Johnson.
0:18 of 3rd period - Jonathan Huberdeau wins face-off versus Jean-Gabriel Pageau in VANCOUVER zone.
0:43 of 3rd period - Henri Jokiharju is hit by Ryan Ellis and loses puck.
0:46 of 3rd period - Shot by Jean-Gabriel Pageau.
0:46 of 3rd period - Shot Blocked by Erik Johnson.
0:48 of 3rd period - Shot by Jean-Gabriel Pageau.
0:48 of 3rd period - Deflect By Zack Kassian.
0:48 of 3rd period - Stopped by Petr Mrazek without a rebound.
0:49 of 3rd period - Jakub Vrana wins face-off versus Evgeni Malkin in VANCOUVER zone.
0:58 of 3rd period - Shot by Bryan Little.
0:58 of 3rd period - Shot Misses the Net.
1:00 of 3rd period - Shot by Evgeni Malkin.
1:00 of 3rd period - Stopped by Petr Mrazek without a rebound.
1:01 of 3rd period - Mikael Backlund wins face-off versus Nick Schmaltz in VANCOUVER zone.
1:06 of 3rd period - Shot by Conor Sheary.
1:06 of 3rd period - Shot Misses the Net.
1:26 of 3rd period - Shot by Adrian Kempe.
1:26 of 3rd period - Shot Misses the Net.
2:11 of 3rd period - Shot by Erik Johnson.
2:11 of 3rd period - Shot Misses the Net.
2:13 of 3rd period - Shot by Mark Stone.
2:13 of 3rd period - Stopped by Corey Crawford without a rebound.
2:14 of 3rd period - Sheldon Dries wins face-off versus Evgeni Malkin in ARIZONA zone.
2:41 of 3rd period - Shot by Sheldon Dries.
2:41 of 3rd period - Stopped by Corey Crawford without a rebound.
2:42 of 3rd period - Nazem Kadri wins face-off versus Jean-Gabriel Pageau in ARIZONA zone.
2:45 of 3rd period - Shot by Jonathan Huberdeau.
2:45 of 3rd period - Shot Blocked by Jean-Gabriel Pageau.
3:19 of 3rd period - Icing by Joel Eriksson Ek.
3:20 of 3rd period - Jean-Gabriel Pageau wins face-off versus Nick Schmaltz in ARIZONA zone.
3:46 of 3rd period - Off-side.
3:47 of 3rd period - Sheldon Dries wins face-off versus Evgeni Malkin in neutral zone.
3:47 of 3rd period - Sami Vatanen is hit by Gabriel Landeskog and loses puck.
4:02 of 3rd period - Shot by Jakub Vrana.
4:02 of 3rd period - Shot Blocked by Justin Faulk.
4:12 of 3rd period - Shot by Gabriel Landeskog.
4:12 of 3rd period - Stopped by Petr Mrazek without a rebound.
4:13 of 3rd period - Mikael Backlund wins face-off versus Nazem Kadri in VANCOUVER zone.
4:13 of 3rd period - Mikael Backlund is hit by Erik Johnson.
4:26 of 3rd period - Adrian Kempe is hit by Erik Johnson and loses puck.
4:45 of 3rd period - Shot by Erik Johnson.
4:45 of 3rd period - Shot Misses the Net.
4:47 of 3rd period - Shot by Ryan Ellis.
4:47 of 3rd period - Stopped by Corey Crawford without a rebound.
4:48 of 3rd period - Bryan Little wins face-off versus Nick Schmaltz in ARIZONA zone.
4:48 of 3rd period - Bryan Little is hit by Nikolaj Ehlers.
5:00 of 3rd period - Shot by Bryan Little.
5:00 of 3rd period - Stopped by Petr Mrazek without a rebound.
5:01 of 3rd period - Sheldon Dries wins face-off versus Jean-Gabriel Pageau in VANCOUVER zone.
6:17 of 3rd period - Shot by Nazem Kadri.
6:17 of 3rd period - Stopped by Corey Crawford without a rebound.
6:18 of 3rd period - Nick Schmaltz wins face-off versus Evgeni Malkin in ARIZONA zone.
6:31 of 3rd period - Shot by Zach Parise.
6:31 of 3rd period - Shot Blocked by Justin Faulk.
7:12 of 3rd period - Off-side.
7:13 of 3rd period - Nazem Kadri wins face-off versus Mikael Backlund in neutral zone.
8:05 of 3rd period - Minor Penalty to Sheldon Dries for Hooking.
8:06 of 3rd period - Mark Stone wins face-off versus Evgeni Malkin in VANCOUVER zone.
9:18 of 3rd period - Shot by Zack Kassian.
9:18 of 3rd period - Goal by Zack Kassian - ARIZONA : 4 - VANCOUVER : 3.
9:19 of 3rd period - Riley Sheahan wins face-off versus Sheldon Dries in neutral zone.
9:30 of 3rd period - Shot by Luca Sbisa.
9:30 of 3rd period - Shot Misses the Net.
9:43 of 3rd period - Shot by Luca Sbisa.
9:43 of 3rd period - Shot Misses the Net.
10:19 of 3rd period - Shot by Nick Schmaltz.
10:19 of 3rd period - Shot Misses the Net.
10:37 of 3rd period - Shot by Joel Eriksson Ek.
10:37 of 3rd period - Stopped by Petr Mrazek without a rebound.
10:38 of 3rd period - Nazem Kadri wins face-off versus Evgeni Malkin in VANCOUVER zone.
11:48 of 3rd period - Jakub Vrana is hit by Justin Faulk and loses puck.
12:08 of 3rd period - Icing by Justin Faulk.
12:09 of 3rd period - Nick Schmaltz wins face-off versus Evgeni Malkin in ARIZONA zone.
12:09 of 3rd period - Nick Schmaltz is hit by Thomas Chabot.
13:35 of 3rd period - Henri Jokiharju is hit by Jonathan Huberdeau and loses puck.
13:40 of 3rd period - Shot by Jonathan Huberdeau.
13:40 of 3rd period - Goal by Jonathan Huberdeau - ARIZONA : 4 - VANCOUVER : 4.
13:41 of 3rd period - Mikael Backlund wins face-off versus Sheldon Dries in neutral zone.
14:52 of 3rd period - Shot by Erik Johnson.
14:52 of 3rd period - Stopped by Corey Crawford with a rebound.
14:58 of 3rd period - Shot by Alex Steen.
14:58 of 3rd period - Stopped by Corey Crawford without a rebound.
14:59 of 3rd period - Jean-Gabriel Pageau wins face-off versus Nick Schmaltz in ARIZONA zone.
14:59 of 3rd period - Joel Eriksson Ek is hit by Nikolaj Ehlers and loses puck.
15:05 of 3rd period - Minor Penalty to Nick Schmaltz for Holding.
15:06 of 3rd period - Mark Stone wins face-off versus Riley Sheahan in VANCOUVER zone.
15:16 of 3rd period - Off-side.
15:17 of 3rd period - Jean-Gabriel Pageau wins face-off versus Mark Stone in neutral zone.
15:17 of 3rd period - Jean-Gabriel Pageau is hit by Jonathan Huberdeau.
15:23 of 3rd period - Shot by Jay Bouwmeester.
15:23 of 3rd period - Shot Misses the Net.
15:25 of 3rd period - Shot by Jay Bouwmeester.
15:25 of 3rd period - Shot Misses the Net.
15:27 of 3rd period - Shot by Riley Sheahan.
15:27 of 3rd period - Stopped by Petr Mrazek without a rebound.
15:28 of 3rd period - Mark Stone wins face-off versus Evgeni Malkin in VANCOUVER zone.
15:28 of 3rd period - Mark Stone is hit by Evgeni Malkin.
15:44 of 3rd period - Shot by Gabriel Landeskog.
15:44 of 3rd period - Stopped by Petr Mrazek without a rebound.
15:45 of 3rd period - Mikael Backlund wins face-off versus Mark Stone in VANCOUVER zone.
16:01 of 3rd period - Icing by Adrian Kempe.
16:02 of 3rd period - Mikael Backlund wins face-off versus Mark Stone in ARIZONA zone.
16:07 of 3rd period - Erik Johnson is hit by Mikael Backlund and loses puck.
16:12 of 3rd period - Shot by Jay Bouwmeester.
16:12 of 3rd period - Stopped by Petr Mrazek without a rebound.
16:13 of 3rd period - Evgeni Malkin wins face-off versus Mark Stone in VANCOUVER zone.
17:04 of 3rd period - Icing by Mikael Backlund.
17:05 of 3rd period - Riley Sheahan wins face-off versus Nick Schmaltz in ARIZONA zone.
17:17 of 3rd period - Icing by Sami Vatanen.
17:18 of 3rd period - Jean-Gabriel Pageau wins face-off versus Nick Schmaltz in VANCOUVER zone.
17:35 of 3rd period - Shot by Nikolaj Ehlers.
17:35 of 3rd period - Stopped by Corey Crawford without a rebound.
17:36 of 3rd period - Mikael Backlund wins face-off versus Mark Stone in ARIZONA zone.
17:36 of 3rd period - Conor Sheary is hit by Troy Brouwer and loses puck.
17:42 of 3rd period - Thomas Chabot is hit by Troy Brouwer.
17:52 of 3rd period - Shot by Justin Faulk.
17:52 of 3rd period - Deflect By Conor Sheary.
17:52 of 3rd period - Stopped by Petr Mrazek without a rebound.
17:53 of 3rd period - Evgeni Malkin wins face-off versus Nikolaj Ehlers in VANCOUVER zone.
17:55 of 3rd period - Gabriel Landeskog is hit by Hampus Lindholm and loses puck.
17:58 of 3rd period - Shot by Gabriel Landeskog.
17:58 of 3rd period - Shot Misses the Net.
18:00 of 3rd period - Shot by Evgeni Malkin.
18:00 of 3rd period - Shot Blocked by Hampus Lindholm.
18:02 of 3rd period - Shot by Gabriel Landeskog.
18:02 of 3rd period - Shot Misses the Net.
18:04 of 3rd period - Shot by Gabriel Landeskog.
18:04 of 3rd period - Shot Misses the Net.
18:06 of 3rd period - Shot by Gabriel Landeskog.
18:06 of 3rd period - Shot Misses the Net.
18:08 of 3rd period - Shot by Gabriel Landeskog.
18:08 of 3rd period - Stopped by Petr Mrazek without a rebound.
18:09 of 3rd period - Jean-Gabriel Pageau wins face-off versus Nazem Kadri in VANCOUVER zone.
18:22 of 3rd period - Shot by Jonathan Huberdeau.
18:22 of 3rd period - Goal by Jonathan Huberdeau - ARIZONA : 4 - VANCOUVER : 5.
18:23 of 3rd period - Nick Schmaltz wins face-off versus Evgeni Malkin in neutral zone.
18:57 of 3rd period - Icing by Jay Bouwmeester.
18:58 of 3rd period - Nazem Kadri wins face-off versus Evgeni Malkin in ARIZONA zone.
19:17 of 3rd period - Shot by Jonathan Huberdeau.
19:17 of 3rd period - Shot Blocked by Jay Bouwmeester.
19:19 of 3rd period - Shot by Nazem Kadri.
19:19 of 3rd period - Shot Misses the Net.
19:21 of 3rd period - Shot by Erik Johnson.
19:21 of 3rd period - Stopped by Corey Crawford without a rebound.
19:22 of 3rd period - Evgeni Malkin wins face-off versus Nazem Kadri in ARIZONA zone.
19:27 of 3rd period - ARIZONA, Corey Crawford is pulled from the net.
19:37 of 3rd period - Shot by Evgeni Malkin.
19:37 of 3rd period - Shot Misses the Net.
19:56 of 3rd period - Erik Johnson is hit by Justin Faulk and loses puck.
Goals for this period are 1 for ARIZONA vs 2 for VANCOUVER.
Shots for this period are 11 for ARIZONA vs 10 for VANCOUVER.